 Dungeon Crawl Stone Soup version 0.21.1-1-g345015f (webtiles) character file.

460 microfolk the Grave Robber (level 6, -3/49 HPs)
             Began as a Deep Dwarf Necromancer on Apr 23, 2018.
             Slain by an ogre
             ... wielding a +0 giant club
              (15 damage)
             ... on level 4 of the Dungeon.
             The game lasted 00:16:52 (4362 turns).

microfolk the Grave Robber (Deep Dwarf Necromancer) Turns: 4362, Time: 00:16:53

Health: -3/49      AC:  3    Str: 12    XL:     6   Next: 78%
Magic:  5/11       EV: 20    Int: 17    God:
Gold:   255        SH:  0    Dex: 18    Spells: 7/12 levels left

rFire    . . .     SeeInvis .   d - +2 dagger (freeze)
rCold    . . .     Gourm    .   (no shield)
rNeg     . . .     Faith    .   p - +0 leather armour
rPois    .         Spirit   .   (no helmet)
rElec    .         Reflect  .   (no cloak)
rCorr    .         Harm     .   (no gloves)
MR       .....                  (no boots)
Stlth    +++.......             (no amulet)
HPRegen  0.00/turn              (no ring)
MPRegen  0.12/turn              (no ring)

@: agile, non-regenerating
A: damage resistance, heal wounds, sense surroundings 1, no regeneration
a: Heal Wounds


You were on level 4 of the Dungeon.
You were hungry.

You visited 1 branch of the dungeon, and saw 4 of its levels.

You collected 255 gold pieces.

Inventory:

Hand Weapons
 d - a +2 dagger of freezing (weapon)
 j - a cursed -2 dagger
Missiles
 h - 143 stones (quivered)
Armour
 o - a +0 helmet
 p - a +0 leather armour (worn)
 y - a +0 pair of boots
Jewellery
 n - a +1 ring of protection {unknown}
 q - an uncursed ring of positive energy {unknown}
 w - an uncursed ring of magical power {unknown}
 x - a +2 ring of strength {unknown}
Scrolls
 e - 2 scrolls of blinking {unknown}
 g - 2 scrolls of amnesia
 i - a scroll of fog
 l - a scroll of magic mapping {unknown}
 m - a scroll of teleportation {unknown}
 r - a scroll of immolation
 s - a scroll of remove curse {unknown}
Potions
 a - a potion of haste {unknown}
 k - a potion of might
 t - a potion of brilliance {unknown}
 u - a potion of magic {unknown}
 v - a potion of degeneration {unknown}
 z - a potion of curing {unknown}
Books
 b - a book of Necromancy

   Spells                             Type                      Level
   a - Pain                           Necromancy                   1
   b - Animate Skeleton               Necromancy                   1
   c - Vampiric Draining              Necromancy                   3
   d - Regeneration                   Charms/Necromancy            3
   e - Animate Dead                   Necromancy                   4
   f - Borgnjor's Vile Clutch         Necromancy/Earth             5
Comestibles
 c - 7 rations


   Skills:
 + Level 4.9 Dodging
 - Level 2.4 Stealth
 + Level 3.8 Spellcasting
 + Level 6.3 Necromancy


You had 7 spell levels left.
You knew the following spells:

 Your Spells              Type           Power        Failure   Level  Hunger
a - Pain                  Necr           ###.         1%          1    None
b - Animate Skeleton      Necr           N/A          1%          1    None
c - Vampiric Draining     Necr           ###.......   4%          3    ###....


Dungeon Overview and Level Annotations

Branches:
Dungeon (4/15)
 Temple: D:4-7

Altars:
Vehumet

Shops:
D:4 }*

Annotations:
D:3 exclusion: downstairs
D:4 Grinder


Innate Abilities, Weirdness & Mutations

You are resistant to damage.
You can heal yourself by infusing magical energy.
You passively map a small area around you.
You do not regenerate.


Message History

Okay, then.
Okay, then.
Casting: Vampiric Draining
Confirm with . or Enter, or press ? or * to list all spells.
Aiming: Vampiric Draining
Press: ? - help, Shift-Dir - straight line, f - ogre
Aim: an ogre, wielding a giant club The ogre is moderately wounded.
You feel life coursing into your body. The ogre hits you with a giant club!
Casting: Vampiric Draining
Confirm with . or Enter, or press ? or * to list all spells.
Aiming: Vampiric Draining
Press: ? - help, Shift-Dir - straight line, f/p - ogre
Aim: an ogre, wielding a giant club (moderately wounded)
The ogre is severely wounded.
You feel life coursing into your body. The ogre hits you with a giant club!
* * * LOW HITPOINT WARNING * * *
You feel agile all of a sudden. The ogre hits you with a giant club!
You die...

.#...#.#....##......Z#....#
.#...#.#.............#....# ,
.#.###.#.......#.....#W...# *
.#...[.........#.....#....#
.#).<#.#.#.....#.....#....#
.#####.#.......###'#'#....#######
..........................#.....W
##############.###........#.#####
, .........O@.............# *,,
,,......###........####.#.# ,
,....., #........., #...# , ....
#...######.######## , ...,
..........>........ .. ∩
##.#.###.########### ., * #.#..
,, #.#.## ,, * * * * , *


You could see an ogre.

Vanquished Creatures
  A centaur zombie (D:3)
  An orc priest (D:4)
  Jessica (D:2)
  4 orc wizards
  A worker ant (D:3)
  2 hound skeletons
  5 adders
  An ooze (D:3)
  A worm (D:2)
  2 dart slugs (D:2)
  2 leopard geckos (D:3)
  6 orcs
  A ball python (D:2)
  7 giant cockroaches
  7 goblins
  13 hobgoblins
  4 jackals
  A quokka (D:3)
  10 bats
  4 frilled lizards
  5 kobolds
  6 rats
85 creatures vanquished.

Vanquished Creatures (collateral kills)
  The ghost of emiel the Skirmisher, an amateur BaHu (D:4)
  An ooze (D:2)
  A dart slug (D:2)
  A leopard gecko (D:1)
  2 bats (D:1)
  A goblin (D:1)
  2 jackals
9 creatures vanquished.

Grand Total: 94 creatures vanquished

Notes
Turn   | Place    | Note
-------+----------+-------------------------------------------
     0 | D:1      | microfolk the Deep Dwarf Necromancer began the quest for the Orb.
     0 | D:1      | Reached XP level 1. HP: 15/15 MP: 3/3
     2 | D:1      | Learned a level 1 spell: Animate Skeleton
   110 | D:1      | Reached XP level 2. HP: 22/22 MP: 0/5
   480 | D:1      | Reached XP level 3. HP: 17/28 MP: 6/6
   492 | D:1      | Learned a level 3 spell: Vampiric Draining
  1086 | D:2      | Reached skill level 5 in Necromancy
  1324 | D:2      | Reached XP level 4. HP: 35/36 MP: 1/7
  2015 | D:2      | Noticed Jessica
  2026 | D:2      | Killed Jessica
  2607 | D:3      | Found a radiant altar of Vehumet.
  2621 | D:3      | Reached XP level 5. HP: 40/42 MP: 2/9
  3039 | D:3      | Noticed an ogre
  3545 | D:4      | Noticed Grinder
  3649 | D:4      | Noticed a phantom
  3687 | D:4      | Noticed emiel's ghost (amateur BaHu)
  3883 | D:4      | Reached XP level 6. HP: 28/49 MP: 11/11
  3950 | D:4      | Reached skill level 6 in Necromancy
  4041 | D:4      | Killed emiel's ghost
  4067 | D:4      | Found Gaychang's Gadget Shop.
  4075 | D:4      | Found Vemetial's General Store.
  4362 | D:4      | Slain by an ogre

Skill      XL: |  1  2  3  4  5  6 |
---------------+-------------------+-----
Spellcasting   | 2 3 |  3.8
Dodging        | 3 4 |  4.9
Necromancy     | 5 6 |  6.3
Stealth        | |  2.4

Action                   |  1- 3 |  4- 6 || total
-------------------------+-------+-------++-------
Melee: Dagger            |    93 |   179 ||   272
Throw: Stone             |     1 |     6 ||     7
 Cast: Pain              |    10 |     6 ||    16
       Animate Skeleton  |    12 |    16 ||    28
       Vampiric Draining |    17 |    41 ||    58
 Abil: Heal Wounds       |       |     2 ||     2
  Use: Scroll            |     1 |     4 ||     5
       Potion            |       |     1 ||     1
 Stab: Distracted        |     1 |       ||     1
       Sleeping          |       |     2 ||     2
  Eat: Chunk             |     4 |    13 ||    17
Armor: Robe              |    37 |     8 ||    45
       Leather armour    |       |    21 ||    21
Dodge: Dodged            |   107 |   115 ||   222
